 Dungeon Crawl Stone Soup version 0.17-a0-1831-gaadb308 (webtiles) character file.

4207 shakdrar the Cleaver (level 10, 0/79 (81) HPs)
             Began as a Minotaur Chaos Knight on Sept 14, 2015.
             Was a Believer of Makhleb.
             Slain by an orc warrior
             ... wielding a +0 trident
              (11 damage)
             ... on level 9 of the Dungeon.
             The game lasted 00:31:24 (7658 turns).

shakdrar the Cleaver (Minotaur Chaos Knight)        Turns: 7658, Time: 00:31:25

HP:   0/79 (81)     AC: 10    Str: 19 (20) XL:     10   Next: 8%
MP:   10/10         EV: 16    Int:  6 (9)  God:    Makhleb [**....]
Gold: 513           SH:  4    Dex: 12      Spells: 0 memorised, 9 levels left

rFire  . . .     SeeInvis .     a - +2 hand axe (chaos)
rCold  + . .     Clarity  .     b - +2 leather armour
rNeg   + . .     SustAt   .     v - +0 buckler
rPois  .         Gourm    .     (helmet restricted)
rElec  .         Spirit   .     s - +0 cloak
rCorr  .         Warding  +     (no gloves)
rMut   .         Stasis   .     g - +0 pair of boots
MR     +....                    F - amulet of warding (curse)
Stlth  ++........               j - ring of protection from magic
                                w - ring of protection from cold

@: somewhat resistant to hostile enchantments, unstealthy
A: retaliatory headbutt, horns 2, thin skeletal structure 1, yellow scales 1,
deterioration 1, frail 1
a: Minor Destruction, Renounce Religion


You were on level 9 of the Dungeon.
You worshipped Makhleb.
Makhleb was pleased with you.
You were not hungry.

You visited 2 branches of the dungeon, and saw 9 of its levels.
You also visited: Sewer.

You collected 513 gold pieces.

Inventory:

Hand weapons
 a - a +2 hand axe of chaos (weapon)
 r - a +3 quarterstaff of chaos
 t - a +0 club
Missiles
 i - 8 needles of confusion
 l - 54 poisoned needles
Armour
 b - a +2 leather armour (worn)
 f - a +2 shield
 g - a +0 pair of boots (worn)
 s - a +0 cloak (worn)
 v - a +0 buckler (worn)
 x - a +0 chain mail
 H - a troll hide
Magical staves
 G - an uncursed staff of power {unknown}
Jewellery
 e - an uncursed ring of fire
 j - a ring of protection from magic (right hand)
 w - a ring of protection from cold (left hand)
 A - a cursed ring of loudness {unknown}
 D - an uncursed ring of sustain attributes {unknown}
 F - a cursed amulet of warding (around neck)
Magical devices
 m - a wand of fire (0)
 z - a wand of digging (7)
Scrolls
 d - 2 scrolls of recharging
 p - 5 scrolls of magic mapping
 q - 2 scrolls of teleportation
 u - 2 scrolls of remove curse
 y - a scroll of identify
 E - a scroll of blinking
Potions
 h - 3 potions of might
 k - 3 potions of curing
 n - 3 potions of heal wounds
Books
 C - a book of Flames

   Spells                             Type                      Level
   a - Flame Tongue                   Conjuration/Fire             1
   b - Throw Flame                    Conjuration/Fire             2
   c - Conjure Flame                  Conjuration/Fire             3
   d - Inner Flame                    Hexes/Fire                   3
   e - Sticky Flame                   Conjuration/Fire             4
   f - Fireball                       Conjuration/Fire             5
Comestibles
 c - 4 bread rations


   Skills:
 + Level 9.4 Fighting
 + Level 9.7 Axes
 + Level 5.6 Armour
 - Level 9.3 Dodging
 + Level 3.6 Shields
 * Level 1.5 Evocations


You had 9 spell levels left.
You didn't know any spells.

Dungeon Overview and Level Annotations

Branches:
Dungeon (9/15)             Temple (1/1) D:6            Lair (0/8) D:8
    Orc: D:9-12

Altars:
Ashenzari
Cheibriados
Dithmenos
Fedhas
Gozag
Kikubaaqudgha
Makhleb
Nemelex Xobeh
Okawaru
Qazlal
Ru
Sif Muna
Trog
Vehumet
Xom
Yredelemnul
Zin

Portals:
Bailey: D:7


Innate Abilities, Weirdness & Mutations

You reflexively headbutt those who attack you in melee.
You have a pair of horns on your head.
You have a somewhat thin skeletal structure (Dex +2, Stealth).
You are partially covered in yellow scales (AC +2).
Your body sometimes deteriorates upon taking damage.
You are frail (-10% HP).


Message History

You kill the orc!
Makhleb accepts your kill.
You closely miss the orc warrior. You barely miss the orc.
The orc is heavily wounded.
You block the orc warrior's attack. The orc barely misses you.
The orc priest barely misses you. You furiously retaliate!
You headbutt the orc priest. You barely miss the orc priest.
The orc priest is heavily wounded.
You hit the orc warrior.
The orc warrior is poisoned.
The orc warrior is lightly wounded.
You hit the orc wizard.
The orc wizard is lightly wounded.
You hit the orc.
You kill the orc!
Makhleb accepts your kill.
The orc warrior seems less confused.
The orc wizard hits you but does no damage.
The orc warrior hits you with a trident!
You die...

.........## ##.........?.
.........)###............
........))(((............
.........))..............
.........................
.......=.................
......).o................
######.)o.###............
#.o@## ##......... #o)o#
....### ..oo..# ..
......... .........
#...#..... ##8##..... ##
#......


You could see 3 orc warriors, an orc priest, 2 orc wizards and an orc.

Vanquished Creatures
  A troll (D:9)
  A two-headed ogre (D:8)
  A wyvern (D:8)
  A steam dragon (D:8)
  A hungry ghost (D:8)
  An orc warrior (D:8)
  2 wargs (D:8)
  3 phantoms
  A black bear (D:8)
  A necrophage (D:5)
  A sky beast (D:5)
  2 ice beasts (D:8)
  4 ogres
  2 centaurs
  Blork the orc (D:5)
  A big kobold (D:9)
  6 giant frogs
  2 scorpions (D:7)
  A centaur zombie (D:7)
  12 orc wizards
  3 crimson imps
  A giant frog skeleton (D:8)
  2 iguanas
  Crazy Yiuf (D:3)
  7 orc priests
  Ijyb (D:2)
  A worker ant zombie (D:8)
  3 gnolls (D:5)
  14 adders
  7 river rats (Sewer)
  4 oozes
  An adder skeleton (D:9)
  3 adder zombies
  2 worms
  7 giant geckos
  23 orcs
  A ball python (shapeshifter) (Sewer)
  A giant cockroach (D:2)
  7 goblins
  7 hobgoblins
  2 quokkas
  13 ball pythons (Sewer)
  7 bats
  A giant gecko zombie (D:8)
  5 giant newts
  A jackal skeleton (D:8)
  11 kobolds
  25 rats
206 creatures vanquished.

Vanquished Creatures (collateral kills)
  An adder skeleton (D:5)
1 creature vanquished.

Grand Total: 207 creatures vanquished

Notes
Turn   | Place    | Note
--------------------------------------------------------------
     0 | D:1      | shakdrar the Minotaur Chaos Knight began the quest for the Orb.
     0 | D:1      | Reached XP level 1. HP: 19/19 MP: 0/0
    67 | D:1      | Reached skill level 4 in Fighting
    69 | D:1      | Reached XP level 2. HP: 21/27 MP: 1/1
   549 | D:1      | XOM: harmless Ice miscast
   968 | D:2      | XOM: divination: detect creatures
   982 | D:2      | XOM: god gift: 8 needles of confusion
   989 | D:2      | Noticed Ijyb
  1008 | D:2      | Killed Ijyb
  1008 | D:2      | Reached XP level 3. HP: 21/34 MP: 2/2
  1234 | D:2      | XOM: silly message
  1278 | D:2      | Reached XP level 4. HP: 41/41 MP: 3/3
  1804 | D:3      | Found a glowing drain.
  1808 | Sewer    | Entered a sewer
  1829 | Sewer    | Reached skill level 5 in Axes
  1837 | Sewer    | Reached skill level 5 in Fighting
  1838 | Sewer    | Reached XP level 5. HP: 30/48 MP: 4/4
  2048 | Sewer    | XOM: divination: detect creatures
  2192 | Sewer    | XOM: vitrification
  2332 | Sewer    | Noticed a giant frog
  2332 | Sewer    | Noticed a giant frog
  2332 | Sewer    | XOM: potion effect (invisibility)
  2338 | Sewer    | Killed a giant frog
  2338 | Sewer    | Reached XP level 6. HP: 51/56 MP: 5/5
  2338 | Sewer    | Killed a giant frog
  2480 | D:3      | Found a bloodstained altar of Trog.
  2584 | D:3      | Found an ancient bone altar of Kikubaaqudgha.
  2740 | D:3      | Noticed Crazy Yiuf
  2744 | D:3      | Paralysed by Crazy Yiuf for 5 turns
  2749 | D:3      | Killed Crazy Yiuf
  3014 | D:3      | XOM: harmless Erth miscast
  3022 | D:3      | XOM: harmless Fire miscast
  3043 | D:3      | You fall through a shaft for 2 floors!
  3043 | D:5      | Entered Level 5 of the Dungeon
  3110 | D:5      | Reached skill level 6 in Axes
  3110 | D:5      | Reached XP level 7. HP: 38/62 MP: 6/6
  3259 | D:5      | Reached skill level 5 in Dodging
  3263 | D:5      | XOM: colour smoke trail
  3420 | D:5      | XOM: scenery: create altars
  3555 | D:5      | XOM: divination: detect creatures
  3559 | D:5      | XOM: summons friendly ufetubus
  3763 | D:5      | Reached skill level 7 in Fighting
  3763 | D:5      | Reached XP level 8. HP: 26/73 MP: 7/7
  3974 | D:5      | XOM: god gift: 58 gold pieces
  4145 | D:5      | XOM: harmless Pois miscast
  4233 | D:5      | XOM: medium Conj miscast
  4243 | D:5      | Noticed Blork the orc
  4257 | D:5      | XOM: cast spell 'Stoneskin'
  4262 | D:5      | Killed Blork the orc
  4321 | D:5      | XOM: cast spell 'Ice Form'
  4435 | D:5      | XOM: mild Summ miscast
  4517 | D:6      | Found a staircase to the Ecumenical Temple.
  4547 | Temple   | Entered the Ecumenical Temple
  4566 | Temple   | Fell from the grace of Xom
  4566 | Temple   | Became a worshipper of Makhleb the Destroyer
  4649 | D:6      | Reached skill level 1 in Shields
  5327 | D:7      | Found a flagged portal.
  5454 | D:7      | Reached skill level 8 in Fighting
  5454 | D:7      | Reached skill level 5 in Armour
  5546 | D:7      | Found a snail-covered altar of Cheibriados.
  5564 | D:7      | Found a shimmering altar of Xom.
  5571 | D:7      | Found a stormy altar of Qazlal.
  5571 | D:7      | Found a shadowy altar of Dithmenos.
  5572 | D:7      | Found a basalt altar of Yredelemnul.
  5576 | D:7      | Found a sacrificial altar of Ru.
  5628 | D:7      | XOM: mild Hex miscast
  5988 | D:8      | Reached XP level 9. HP: 63/79 MP: 8/8
  6129 | D:8      | Acquired Makhleb's first power
  6233 | D:8      | Noticed a two-headed ogre
  6243 | D:8      | Killed a two-headed ogre
  6286 | D:8      | XOM: confusion
  6307 | D:8      | Reached skill level 9 in Axes
  6582 | D:8      | Found a staircase to the Lair.
  6982 | D:8      | XOM: give mutations
  6982 | D:8      | Gained mutation: You have a somewhat thin skeletal structure (Dex +2, Stealth). [Xom's mischief]
  6982 | D:8      | Gained mutation: You are partially covered in yellow scales (AC +2). [Xom's mischief]
  6982 | D:8      | Gained mutation: You are frail (-10% HP). [Xom's mischief]
  6982 | D:8      | Gained mutation: Your body sometimes deteriorates upon taking damage. [Xom's mischief]
  7193 | D:8      | XOM: medium Conj miscast
  7408 | D:9      | Found an iron altar of Okawaru.
  7411 | D:9      | Found a deep blue altar of Sif Muna.
  7411 | D:9      | Found a blossoming altar of Fedhas.
  7418 | D:9      | Found a glowing silver altar of Zin.
  7420 | D:9      | Reached skill level 1 in Evocations
  7448 | D:9      | Reached XP level 10. HP: 40/79 MP: 8/10
  7637 | D:9      | Acquired Makhleb's second power
  7658 | D:9      | Slain by an orc warrior

Vault maps used:
D:1:      mrwooster_arrival_arrow, minmay_misc_feat_secret_circle
D:2:      kennysheep_boxes, uniq_iyjb
D:3:      nicolae_overflow_crystal_walls, old_standard_altar,
          gup_sewer_entry_bowl, first_bread, uniq_crazy_yiuf_cottage
D:5:      uniq_blork_the_orc
D:6:      minmay_temple_entry_mist
D:7:      lemuel_crystal_altar, minitemple, enter_bailey_2
D:8:      minmay_flawed_box, erik_lair_orcish_takeover
D:9:      grunt_temple_overflow_open, nicolae_tso_besieged_by_evil, david_orc_4,
          uniq_grum
Temple:   circular_temple_6
Sewer:    sewer_minmay_w

Action                   |  1- 3 |  4- 6 |  7- 9 | 10-12 || total
-------------------------+-------+-------+-------+-------++-------
Melee: Hand axe          |    67 |   122 |   343 |    19 ||   551
       Unarmed           |       |       |     2 |       ||     2
Evoke: Wand              |       |       |     3 |       ||     3
  Use: Scroll            |     6 |     5 |     3 |     1 ||    15
       Potion            |     2 |     9 |     2 |       ||    13
 Stab: Distracted        |       |     1 |       |       ||     1
       Petrifying        |       |     1 |     3 |       ||     4
       Invisible         |       |     1 |       |       ||     1
       Paralysed         |       |       |     9 |       ||     9
       Petrified         |       |       |     3 |       ||     3
       Confused          |       |       |     2 |       ||     2
  Eat: Chunk             |     1 |       |     2 |     1 ||     4
       Meat ration       |       |     1 |     1 |       ||     2
       Bread ration      |       |     1 |     1 |       ||     2
       Pizza             |       |       |     1 |       ||     1
